 Dungeon Crawl Stone Soup version 0.27-a0-1287-gca74d27db6 (webtiles) character file.

Game seed: 31141622101141340

120 flotson the Skirmisher (level 4, -2/36 HPs)
             Began as a Demonspawn Fighter on June 14, 2021.
             Slain by Sigmund (7 damage)
             ... on level 2 of the Dungeon.
             The game lasted 00:03:43 (2864 turns).

flotson the Skirmisher (Demonspawn Fighter)         Turns: 2864, Time: 00:03:44

Health: -2/36      AC:  7    Str: 17    XL:     4   Next: 75%
Magic:  4/4        EV:  7    Int: 10    God:
Gold:   82         SH:  0    Dex: 12    Spells: 3/3 levels left

rFire    . . .     SeeInvis .   b - +0 hunting sling
rCold    . . .     Faith    .   c - +0 kite shield
rNeg     . . .     Spirit   .   e - +0 scale mail
rPois    .         Reflect  .   (helmet restricted)
rElec    .         Harm     .   (no cloak)
rCorr    .         Rampage  .   (no gloves)
Will     .....                  (no boots)
Stlth    ..........             (no amulet)
HPRegen  0.12/turn              (no ring)
MPRegen  0.09/turn              (no ring)

@: confused
A: antennae 1, rugged brown scales 1, condensation shield
a: no special abilities


You were on level 2 of the Dungeon.
You visited 1 branch of the dungeon, and saw 2 of its levels.

You collected 82 gold pieces.

Inventory:

Hand Weapons
 a - a +0 war axe
 b - a +0 hunting sling (weapon)
Missiles
 g - 12 poisoned darts
 i - 5 boomerangs
 l - 40 sling bullets (quivered ammo)
Armour
 c - a +0 kite shield (worn)
 e - a +0 scale mail (worn)
Scrolls
 h - a scroll of teleportation {unknown}
 j - 2 scrolls of identify {unknown}
Potions
 d - 3 potions of might
 f - a potion of mutation {unknown}
 k - a potion of haste {unknown}
 m - a potion of flight {unknown}
 n - a potion of ambrosia {unknown}
 o - a potion of invisibility {unknown}


   Skills:
 + Level 3.5 Fighting
 + Level 2.5 Axes
 - Level 1.0 Throwing
 + Level 3.2 Armour
 + Level 1.5 Dodging
 + Level 3.2 Shields


You had 3 spell levels left.
You didn't know any spells.
Your spell library was empty.

Dungeon Overview and Level Annotations

Branches:
Dungeon (2/15)

Altars:

Annotations:
D:2 Sigmund


Innate Abilities, Weirdness & Mutations

You have a pair of small antennae on your head.
You are partially covered in rugged brown scales. (AC +1, +3% HP)
A meltable shield of frost defends you. (SH +4)


Message History

You resist with some effort.
Sigmund casts a spell.
Sigmund flickers and vanishes!
Deactivating autopickup; reactivate with Ctrl-A.
You are confused.
You're too confused to move!
You bump into the rock wall.
You bump into the rock wall.
You bump into the rock wall.
You hear some strange, mumbled words.
You are more confused.
You bump into the rock wall.
Something hits you!
You bump into the rock wall.
Something hits you.
You bump into the rock wall.
Your icy envelope is restored.
A magic dart appears from out of thin air!
The magic dart hits you. Something hits you.
* * * LOW HITPOINT WARNING * * *
You're too confused to move!
You feel less confused.
You hear some strange, mumbled words.
A magic dart appears from out of thin air!
The magic dart hits you.
* * * LOW HITPOINT WARNING * * *
Something hits you but does no damage.
You hear some strange, mumbled words.
Something tries to affect you, but you resist.
There is an open door here.
You close the door.
Something unseen opens the door.
Something tries to affect you, but you resist.
You are confused.
A magic dart appears from out of thin air!
The magic dart hits you.
* * * LOW HITPOINT WARNING * * *
You hear some strange, mumbled words.
You are more confused.
Something hits you!
You die...

........######
#.#####.#####...# .########
#######.............#.# .#
#.......#############>[ .#
#.......#.P..P....#*### ##
*****###.......########***,,,,
*,,,,..........# *b,b* *,,,,
*,,,,..........##*********,,,,
*,,,,.......<...#*,,,,,,,,,,,,
**
******##.....@..#***,,,,,,,,,,
,* #........# **,,,,,,,,, ,*
#......{.# *,,,,,..., ,*
#........# *,,,,,..., ,*
#####'#### *,,,,,#'#* ,* #.#
******#.# ,* #.# #.# ** #.#
#.# #.##############.##


There were no monsters in sight!

Vanquished Creatures
  Natasha (thrice) (D:2)
  A worm (D:2)
  5 endoplasms
  A giant cockroach (D:1)
  3 goblins
  7 hobgoblins
  6 jackals (D:2)
  3 ball pythons (D:1)
  6 bats
  2 frilled lizards
  4 rats
41 creatures vanquished.

Vanquished Creatures (others)
  4 toadstools (D:1)
4 creatures vanquished.

Grand Total: 45 creatures vanquished

Notes
Turn   | Place    | Note
-------+----------+-------------------------------------------
     0 | D:1      | flotson the Demonspawn Fighter began the quest for the Orb.
     0 | D:1      | Reached XP level 1. HP: 18/18 MP: 1/1
   269 | D:1      | Gained mutation: You are partially covered in rugged brown
                  | scales. (AC +1, +3% HP) [demonic ancestry]
   269 | D:1      | Reached XP level 2. HP: 18/24 MP: 2/2
   947 | D:2      | Noticed Natasha
   955 | D:2      | Noticed a crimson imp
   956 | D:2      | Killed Natasha
   957 | D:2      | Gained mutation: A meltable shield of frost defends you.
                  | (SH +4) [demonic ancestry]
   957 | D:2      | Reached XP level 3. HP: 9/29 MP: 3/3
   958 | D:2      | Reached skill level 1 in Dodging
   963 | D:2      | Noticed Natasha
   967 | D:2      | Killed Natasha
   968 | D:2      | Reached skill level 1 in Throwing
   968 | D:2      | Gained mutation: You have a pair of small antennae on your
                  | head. [demonic ancestry]
   968 | D:2      | Reached XP level 4. HP: 4/36 MP: 4/4
  1508 | D:2      | Noticed Sigmund
  1635 | D:2      | Noticed Natasha
  1639 | D:2      | Killed Natasha
  2864 | D:2      | Slain by Sigmund

Illustrated notes

Levels and vault maps discovered:
D:1:      ldierk_walled_garden_2, layout_loops_ring
D:2:      layout_basic, serial_aquarium, aquarium_bridge_square
          [aquarium_subvault_bridge, aquarium_subvault_window,
          aquarium_subvault_bridge, aquarium_subvault_bridge],
          aquarium_bridge_straight [aquarium_subvault_bridge,
          aquarium_subvault_wall, aquarium_subvault_bridge,
          aquarium_subvault_balcony], aquarium_window_fake, aquarium_window_2,
          aquarium_view_2e, uniq_natasha, uniq_sigmund

Skill      XL: |  1  2  3 |
---------------+----------+-----
Axes           | 2 |  2.5
Armour         | 3 |  3.2
Shields        | 3 |  3.2
Dodging        | 1 |  1.5
Throwing       | 1 |  1.0
Fighting       | |  3.5

Action                   |  1- 3 |  4- 6 || total
-------------------------+-------+-------++-------
Melee: War axe           |    66 |    45 ||   111
 Fire: Hunting sling     |    17 |    15 ||    32
Throw: Dart              |     1 |     3 ||     4
Armor: Scale mail        |    50 |    22 ||    72
Dodge: Dodged            |    24 |    13 ||    37
Block: Kite shield       |    51 |    44 ||    95

Table legend: (Time is in decaauts)
 A = Elapsed time spent in this place.
 B = Non-inter-level travel time spent in this place.
 C = Inter-level travel time spent in this place.
 D = Time resting spent in this place.
 E = Time spent auto-exploring this place.
 F = Levels seen in this place.
 G = Mean time per level.
                   A        B        C        D        E       F      G
               +--------+--------+--------+--------+--------+-----+--------+
         Total |   2951 |   2946 |      5 |     53 |   2431 |   2 | 1475.5 |
       Dungeon |   2951 |   2946 |      5 |     53 |   2431 |   2 | 1475.5 |
               +--------+--------+--------+--------+--------+-----+--------+

Top non-repeatable levels by time:
     D:2: 1974 daAuts
     D:1: 977 daAuts
